[Event "FIDE Women World Blitz 2021"]
[Site "Warsaw"]
[Date "2021.12.30"]
[Round "15.12"]
[White "Da Silva, Cibele Florencio"]
[Black "Katkov, Michelle"]
[Result "0-1"]
[ECO "C47"]
[WhiteElo "1405"]
[BlackElo "1651"]
[Annotator "NA"]
[PlyCount "46"]
[EventDate "2021.12.29"]
[EventType "swiss"]
[EventCountry "POL"]
[Tiebreak "Cut1 Buchholz"]
[SourceTitle "playchess.com"]
[Source "ChessBase"]
[SourceQuality "1"]
[TimeControl "180+2"]

1. e4 e5 2. Nf3 Nc6 3. Nc3 Nf6 4. d3 Bc5 5. h3 d6 6. Bg5 h6 7. Bxf6 Qxf6 8. Qe2 Be6 9. Nb5 Qe7 10. c3 a6 11. Na3 Bxa3 12. bxa3 O-O 13. Rb1 b6 14. c4 f5 15. Nd2 Nd4 16. Qd1 fxe4 17. dxe4 Qh4 18. g3 Qf6 19. Rh2 Rab8 20. Rb2 b5 21. Be2 bxc4 22. Rxb8 Rxb8 23. Nxc4 Bxc4 0-1

[Event "FIDE Women World Blitz 2021"]
[Site "Warsaw"]
[Date "2021.12.30"]
[Round "15.13"]
[White "Maltsevskaya, Aleksandra"]
[Black "Mamedjarova, Zeinab"]
[Result "0-1"]
[ECO "C41"]
[WhiteElo "2411"]
[BlackElo "2249"]
[Annotator "NA"]
[PlyCount "77"]
[EventDate "2021.12.29"]
[EventType "swiss"]
[EventCountry "POL"]
[Tiebreak "Cut1 Buchholz"]
[SourceTitle "playchess.com"]
[Source "ChessBase"]
[SourceQuality "1"]
[TimeControl "180+2"]

1. e4 e5 2. Nf3 d6 3. d4 exd4 4. Nxd4 Nf6 5. Nc3 Be7 6. g3 O-O 7. Bg2 c6 8. O-O a5 9. a4 Na6 10. Re1 Re8 11. h3 Nc5 12. Bf4 Bf8 13.
e5 dxe5 14. Bxe5 Bd7 15. Qf3 Nfe4 16. Bf4 Nxc3 17. Qxc3 Ne6 18. Nxe6 Rxe6 19. Rad1 Bb4 20. Rxe6 Bxc3 21.
Red6 Bf6 22. Rxd7 Qb6 23. b3 h5 24. Be3 Qb4 25. Bf3 h4 26.
g4 Re8 27. Kg2 Qc3 28. Bf4 Qxc2 29. R1d2 Qxb3 30. g5 Bc3 31. R2d3 Qc4 32. Be3 b5 33. axb5 Kf8 34. bxc6 a4 35. c7 a3 36. Rd8 Qxc7 37. Rxe8+ Kxe8 38. Bd5 Bb2 39. Bb3 0-1

[Event "FIDE Women World Blitz 2021"]
[Site "Warsaw"]
[Date "2021.12.30"]
[Round "15.14"]
[White "Danielian, Elina"]
[Black "Paehtz, Elisabeth"]
[Result "0-1"]
[ECO "B07"]
[WhiteElo "2450"]
[BlackElo "2485"]
[Annotator "ChessBase"]
[PlyCount "80"]
[EventDate "2021.12.29"]
[EventType "swiss"]
[EventCountry "POL"]
[Tiebreak "Cut1 Buchholz"]
[SourceTitle "playchess.com"]
[Source "ChessBase"]
[SourceQuality "1"]
[TimeControl "180+2"]

1. Nf3 g6 2. d4 Bg7 3. e4 d6 4. c3 Nf6 5. Bd3 Nc6 6. O-O O-O 7. Bg5 e5 8. Nbd2 h6 9. Bh4 Qe8 10. dxe5 dxe5 11. Qc2 Nh5 12. Rfe1 Be6 13. a4 f5 14. exf5 gxf5 15. Bb5 e4 16. Nd4 Nxd4 17. cxd4 c6 18.
Bc4 Bxd4 19. Nxe4 Ng7 20. Ng3 Qg6 21. Bxe6+ Nxe6 22. Qc4 Rae8 23. Rxe6 Qxe6 24. Qxd4 f4 25. Nf1 Qg6 26. g3 Re4 27. Qd3 fxg3 28. Qb3+ Rf7 29. Bxg3 h5 30. h4 Rxh4 31. Rd1 Rg4 32. Rd8+ Kh7 33. Qc3 Rg7 34. Kh2 h4 35. Ne3 hxg3+ 36. fxg3 Qh5+ 37. Kg2 Rxg3+ 38. Kf2 Qh2+ 39. Ke1 Rg1+ 40. Nf1 Re7+ 0-1

[Event "FIDE Women World Blitz 2021"]
[Site "Warsaw"]
[Date "2021.12.30"]
[Round "15.15"]
[White "Muzychuk, Mariya"]
[Black "Girya, Olga"]
[Result "0-1"]
[ECO "C47"]
[WhiteElo "2536"]
[BlackElo "2402"]
[Annotator "ChessBase"]
[PlyCount "104"]
[EventDate "2021.12.29"]
[EventType "swiss"]
[EventCountry "POL"]
[Tiebreak "Cut1 Buchholz"]
[SourceTitle "playchess.com"]
[Source "ChessBase"]
[SourceQuality "1"]
[TimeControl "180+2"]

1. e4 e5 2. Nf3 Nc6 3. Nc3 Nf6 4. d4 exd4 5. Nxd4 Bb4 6. Nxc6 bxc6 7. Bd3 O-O 8. O-O d5 9. exd5 cxd5 10. h3 c6 11. Qf3 Bd6 12. Bg5 h6 13. Bxf6 Qxf6 14. Qxf6 gxf6 15. Ne2 c5 16. c4 d4 17. Ng3 Bxg3 18. fxg3 Kg7 19. Rae1 Be6 20. Rf4 Rfe8 21. Ref1 Rab8 22. b3 a5 23. Rxf6 a4 24. Bc2 axb3 25. axb3 d3 26. Bxd3 Rxb3 27. R6f3 Rxd3 28. Rxd3 Bxc4 29. Rc3 Bxf1 30. Kxf1 Re5 31. Kf2 Kf6 32. Kf3 Ke6 33. Kf4 f6 34. g4 Kd5 35. Rd3+ Kc6 36. Rd8 c4 37. Rf8 Re6 38. Kf5 Kd5 39. h4 Rc6 40. Rd8+ Kc5 41. g5 hxg5 42. hxg5 fxg5 43. Kxg5 c3 44. Rd1 Kc4 45. g4 c2 46. Rc1 Kd3 47. Kh5 Kd2 48. Rxc2+ Rxc2 49. g5 Ke3 50. g6 Kf4 51. g7 Kf5 52. Kh6 Rh2# 0-1

[Event "FIDE Women World Blitz 2021"]
[Site "Warsaw"]
[Date "2021.12.30"]
[Round "15.16"]
[White "Berend, Elvira"]
[Black "Osmak, Yuliia"]
[Result "1/2-1/2"]
[ECO "A81"]
[WhiteElo "2328"]
[BlackElo "2198"]
[Annotator "NA"]
[PlyCount "104"]
[EventDate "2021.12.29"]
[EventType "swiss"]
[EventCountry "POL"]
[Tiebreak "Cut1 Buchholz"]
[SourceTitle "playchess.com"]
[Source "ChessBase"]
[SourceQuality "1"]
[TimeControl "180+2"]

1. d4 f5 2. g3 Nf6 3. Bg2 d6 4. c3 Nc6 5. Nh3 e5 6. d5 Nb8 7. c4 Be7 8. Nc3 O-O 9. O-O a5 10. e4 h6 11. exf5 Bxf5 12. f4 Bg4 13. Qc2 Nbd7 14. fxe5 Nxe5 15. Nf4 Nxc4 16. h3 Bd7 17. Ne6 Bxe6 18. dxe6 c6 19. Bxh6 Ne5 20. Bf4 Qc8 21. Bxe5 dxe5 22. Qg6 Qxe6 23. Rae1 Qf7 24. Qxf7+ Rxf7 25. Rxe5 Bd6 26. Rg5 a4 27. Ne4 Nxe4 28. Bxe4 Rxf1+ 29. Kxf1 a3 30. b3 Re8 31. Bg6 Re3 32. Kf2 Rc3 33. Rg4 Bc5+ 34. Ke2 Be7 35. Re4 Bd6 36. Re8+ Bf8 37. Re3 Rc5 38. g4 Rd5 39. Bf5 Rd6 40. Rd3 Rf6 41. Rf3 g6 42. Bd3 Re6+ 43. Kd2 Rd6 44. Kc2 Kg7 45. Bc4 Rf6 46. Rxf6 Kxf6 47. h4 b5 48. Bd3 Bd6 49. h5 gxh5 50. gxh5 Kg5 51. Be4 c5 52. Bd3 b4 1/2-1/2

[Event "FIDE Women World Blitz 2021"]
[Site "Warsaw"]
[Date "2021.12.30"]
[Round "15.17"]
[White "Gaponenko, Inna"]
[Black "Balajayeva, Khanim"]
[Result "1-0"]
[ECO "C68"]
[WhiteElo "2339"]
[BlackElo "2369"]
[Annotator "NA"]
[PlyCount "85"]
[EventDate "2021.12.29"]
[EventType "swiss"]
[EventCountry "POL"]
[Tiebreak "Cut1 Buchholz"]
[SourceTitle "playchess.com"]
[Source "ChessBase"]
[SourceQuality "1"]
[TimeControl "180+2"]

1. e4 e5 2. Nf3 Nc6 3. Bb5 a6 4. Bxc6 dxc6 5. O-O Bg4 6.
h3 h5 7. d3 Qf6 8. Nbd2 Ne7 9. Nc4 Bxf3 10. Qxf3 Qxf3 11. gxf3 Ng6 12. Rd1 O-O-O 13. Be3 Bd6 14. Kf1 f6 15. c3 Nf8 16. d4 exd4 17. cxd4 Ne6 18. e5 fxe5 19. dxe5 Be7 20. Ke2 Rdf8 21. Rd3 Nf4+ 22. Bxf4 Rxf4 23. b3 Re8 24. Rad1 Rh4 25. Re3 Bc5 26. Re4 Rxh3 27. Rg1 Rh2 28. Ne3 Bxe3 29. Rxe3 Re7 30. f4 Rh4 31. Kf3 Kd7 32. Ke4 Ke6 33. Rg6+ Kd7 34. Reg3 Rh2 35. Rxg7 Rxf2 36. Rxe7+ Kxe7 37. Rg7+ Kf8 38. Rxc7 Rxa2 39. e6 h4 40. Rh7 Rb2 41. f5 Rxb3 42. f6 Rb1 43. Rh8# 1-0

[Event "FIDE Women World Blitz 2021"]
[Site "Warsaw"]
[Date "2021.12.30"]
[Round "15.18"]
[White "Muetsch, Annmarie"]
[Black "Salimova, Nurgyul"]
[Result "0-1"]
[ECO "B12"]
[WhiteElo "2279"]
[BlackElo "2353"]
[Annotator "NA"]
[PlyCount "66"]
[EventDate "2021.12.29"]
[EventType "swiss"]
[EventCountry "POL"]
[Tiebreak "Cut1 Buchholz"]
[SourceTitle "playchess.com"]
[Source "ChessBase"]
[SourceQuality "1"]
[TimeControl "180+2"]

1. e4 c6 2. Ne2 d5 3. e5 c5 4. d4 Nc6 5. c3 e6 6. g3 Nge7 7. Na3 Nf5 8. Nc2 b6 9. Ne3 Nxe3 10. fxe3 Ba6 11. Bg2 Be7 12. O-O O-O 13. Rf2 Rc8 14. Nf4 g6 15. Bd2 Bg5 16. Nh3 Bh6 17.
Qf3 Bg7 18. Bf1 Bxf1 19. Raxf1 f6 20. exf6 Rxf6 21. Qg4 Rf5 22. e4 dxe4 23. Qxe4 Qd7 24. Ng5 cxd4 25. c4 Ne5 26. b3 Rcf8 27. Qh4 h6 28. Ne4 Rxf2 29. Rxf2 Rxf2 30. Kxf2 g5 31. Qh5 d3 32. h4 Qd4+ 33. Be3 Qxe4 0-1

[Event "FIDE Women World Blitz 2021"]
[Site "Warsaw"]
[Date "2021.12.30"]
[Round "15.19"]
[White "Garifullina, Leya"]
[Black "Zhukova, Natalia"]
[Result "1-0"]
[ECO "C78"]
[WhiteElo "2416"]
[BlackElo "2331"]
[Annotator "NA"]
[PlyCount "125"]
[EventDate "2021.12.29"]
[EventType "swiss"]
[EventCountry "POL"]
[Tiebreak "Cut1 Buchholz"]
[SourceTitle "playchess.com"]
[Source "ChessBase"]
[SourceQuality "1"]
[TimeControl "180+2"]

1. e4 e5 2. Nf3 Nc6 3. Bb5 a6 4. Ba4 Nf6 5. O-O b5 6. Bb3 Bc5 7. c3 d6 8. d4 Bb6 9. Bg5 h6 10. Bh4 Bg4 11. Bd5 Qd7 12. h3 Bh5 13.
Bxf6 gxf6 14. dxe5 fxe5 15. Nxe5 Nxe5 16. Qxh5 c6 17. Bb3 O-O-O 18. a4 Kb7 19. axb5 axb5 20. Nd2 Rhg8 21. Nf3 Ng6 22. Qxh6 Rh8 23. Qg5 Rdg8 24. Qf6 Rxh3 25. Qxf7 Qxf7 26. Bxf7 Rxf3 27. Bxg8 Rf8 28. Bh7 Nf4 29. Bf5 Ne2+ 30. Kh2 d5 31. g3 dxe4 32. Bxe4 Bxf2 33. Kg2 Nxg3 34. Rxf2 Rxf2+ 35. Kxf2 Nxe4+ 36.
Ke3 Nd6 37. b3 Kb6 38. Rh1 Nb7 39. Rh6 Nc5 40. b4 Na4 41. Kd4 Nb2 42. Rh8 Nc4 43. Rb8+ Kc7 44. Rh8 Kb6 45. Rh2 Nd6 46. Rh5 Nc4 47. Rc5 Nd2 48. Kd3 Nb3 49. Rh5 c5 50. Rh6+ Kb7 51. Kc2 c4 52. Rh1 Kc6 53. Rd1 Kb6 54. Rb1 Kc6 55. Rxb3 cxb3+ 56. Kxb3 Kd5 57. Kc2 Ke5 58. Kd2 Kf4 59. Kd3 Ke5 60. c4 bxc4+ 61. Kxc4 Kd6 62. Kb5 Kc7 63. Ka6 1-0

[Event "FIDE Women World Blitz 2021"]
[Site "Warsaw"]
[Date "2021.12.30"]
[Round "15.20"]
[White "Batsiashvili, Nino"]
[Black "Atalik, Ekaterina"]
[Result "1-0"]
[ECO "A13"]
[WhiteElo "2491"]
[BlackElo "2430"]
[Annotator "ChessBase"]
[PlyCount "93"]
[EventDate "2021.12.29"]
[EventType "swiss"]
[EventCountry "POL"]
[Tiebreak "Cut1 Buchholz"]
[SourceTitle "playchess.com"]
[Source "ChessBase"]
[SourceQuality "1"]
[TimeControl "180+2"]

1. c4 e6 2. Nf3 d5 3. g3 dxc4 4. Bg2 Bd7 5. Ne5 Bc6 6. Nxc6 Nxc6 7. Qa4 Qd7 8. Qxc4 Nf6 9. O-O Nd5 10. d3 Be7 11. Nd2 O-O 12. Nb3 b6 13.
Bd2 Ne5 14. Qc2 c5 15. Rfd1 Nc6 16. Rac1 Rac8 17. a3 Rfd8 18. e3 Bf6 19. Be1 g6 20. Nd2 Bg7 21. Ne4 f5 22. Nc3 Nce7 23. e4 Nxc3 24. bxc3 Nc6 25. Qe2 Qf7 26. Bd2 h6 27. Be3 Kh7 28. h4 Na5 29. d4 cxd4 30. Bxd4 Bxd4 31. cxd4 Rxc1 32. Rxc1 Rxd4 33. exf5 gxf5 34. Re1 Rd6 35. Qe5 Nc4 36. Qf4 b5 37. Bf1 Rc6 38. Rd1 Rc7 39. Rd8 e5 40. Qf3 Nd2 41. Qa8 Nxf1 42. Kxf1 Rc1+ 43. Kg2 Rc7 44. Qb8 Re7 45. Qc8 Kg7 46. h5 Kf6 47. Rf8 1-0

[Event "FIDE Women World Blitz 2021"]
[Site "Warsaw"]
[Date "2021.12.30"]
[Round "15.21"]
[White "Padmini, Rout"]
[Black "Lach, Aleksandra"]
[Result "1-0"]
[ECO "B27"]
[WhiteElo "2353"]
[BlackElo "2204"]
[Annotator "NA"]
[PlyCount "75"]
[EventDate "2021.12.29"]
[EventType "swiss"]
[EventCountry "POL"]
[Tiebreak "Cut1 Buchholz"]
[SourceTitle "playchess.com"]
[Source "ChessBase"]
[SourceQuality "1"]
[TimeControl "180+2"]

1. e4 c5 2. Nf3 g6 3. c3 Bg7 4. d4 cxd4 5. cxd4 d5 6. e5 Bg4 7. Nc3 e6 8. Nb5 Bf8 9. h3 Bxf3 10. Qxf3 a6 11. Nc3 Nc6 12. Be3 Bg7 13. h4 h5 14. Bd3 Nh6 15.
Ne2 Qa5+ 16. Bd2 Qb6 17. Bc3 O-O 18. O-O Qd8 19. g3 b5 20. a3 Rb8 21. Kg2 Ng4 22. Nc1 f6 23. exf6 Rxf6 24. Qe2 Qe8 25. Nb3 Nh6 26. Nc5 Nf5 27. Nxa6 Rb7 28. Bxf5 Rxf5 29. Rad1 Nd8 30. Rfe1 Re7 31. Nc5 Kh7 32. Nd3 Nf7 33. Nf4 Nd6 34. Bb4 Qd7 35. Nxe6 Rf6 36. Ng5+ Kg8 37. Qxe7 Qxe7 38. Rxe7 1-0

[Event "FIDE Women World Blitz 2021"]
[Site "Warsaw"]
[Date "2021.12.30"]
[Round "15.22"]
[White "Semenova, Elena"]
[Black "Majdan, Joanna"]
[Result "1/2-1/2"]
[ECO "B22"]
[WhiteElo "2233"]
[BlackElo "2325"]
[Annotator "NA"]
[PlyCount "78"]
[EventDate "2021.12.29"]
[EventType "swiss"]
[EventCountry "POL"]
[Tiebreak "Cut1 Buchholz"]
[SourceTitle "playchess.com"]
[Source "ChessBase"]
[SourceQuality "1"]
[TimeControl "180+2"]

1. e4 c5 2. Nf3 e6 3. c3 Nf6 4. e5 Nd5
5. d4 cxd4 6. cxd4 d6 7. Be2 Nc6 8. O-O Be7 9. Bd2 O-O 10. Nc3 Nxc3 11. Bxc3 dxe5 12. dxe5 Qb6 13. Bd3 Rd8 14. Qe2 Bf8 15. Rfd1 g6 16. Ng5 Bg7 17. Qf3 Qc7 18. Rac1 Qe7 19. Ne4 Nxe5 20. Qg3 Nxd3 21. Rxd3 Rxd3 22. Qxd3 e5 23. Qd6 Qxd6 24. Nxd6 Be6 25. Nxb7 Bxa2 26. Ra1 Bd5 27. Nc5 Rc8 28. b4 Rc7 29. Rd1 Be6 30. Rd8+ Bf8 31. Bxe5 Rc6 32. h4 h5 33. Ne4 f5 34. Nc5 Bc8 35. b5 Rxc5 36. Rxf8+ Kxf8 37. Bd6+ Ke8 38. Bxc5 Bd7 39. Bxa7 Bxb5 1/2-1/2

[Event "FIDE Women World Blitz 2021"]
[Site "Warsaw"]
[Date "2021.12.30"]
[Round "15.23"]
[White "Serikbay, Assel"]
[Black "Mamedjarova, Turkan"]
[Result "0-1"]
[ECO "E01"]
[WhiteElo "2237"]
[BlackElo "2264"]
[Annotator "NA"]
[PlyCount "110"]
[EventDate "2021.12.29"]
[EventType "swiss"]
[EventCountry "POL"]
[Tiebreak "Cut1 Buchholz"]
[SourceTitle "playchess.com"]
[Source "ChessBase"]
[SourceQuality "1"]
[TimeControl "180+2"]

1. d4 Nf6 2. c4 e6 3. g3 b6 4. Bg2 c6 5. Nc3 d5 6. Nf3 Bd6 7. O-O O-O 8. Qc2 Nbd7 9. e4 dxe4 10. Nxe4 Nxe4 11. Qxe4 Bb7 12. Rd1 h6 13. b3 Qc7 14. Bb2 Rad8 15. a4 Rfe8 16. a5 c5 17. Qc2 cxd4 18. Bxd4 e5 19. Bb2 Bc5 20. Qf5 g6 21. Qh3 Nf6 22. Rxd8 Qxd8 23. Rf1 e4 24. Ne5 Bd4 25. Bxd4 Qxd4 26. Ng4 Nxg4 27. Qxg4 Qd3 28. Qf4 Qxb3 29. axb6 axb6 30. Qc7 Ba6 31. Qc6 Rf8 32. Bxe4 Qxc4 33. Qxc4 Bxc4 34. Rb1 b5 35. f4 Re8 36. Bc6 Rb8 37. Rb4 Kf8 38. Kf2 Ke7 39. Ke3 Kd6 40. Be4 Kc5 41. Rb1 Re8 42. Kf3 f5 43. Bc2 Re2 44. Bb3 Rxh2 45.
Bxc4 bxc4 46. Ke3 Rg2 47. Kf3 Ra2 48. Rb7 c3 49. Rc7+ Kd4 50.
Rd7+ Kc4 51. Rc7+ Kb3 52. Rb7+ Kc2 53. Ke2 Ra8 54. Ke3 Re8+ 55. Kd4 Kd2 0-1

[Event "FIDE Women World Blitz 2021"]
[Site "Warsaw"]
[Date "2021.12.30"]
[Round "15.24"]
[White "Dworakowska, Joanna"]
[Black "Hryzlova, Sofiia"]
[Result "1-0"]
[ECO "A04"]
[WhiteElo "2228"]
[BlackElo "2097"]
[Annotator "NA"]
[PlyCount "75"]
[EventDate "2021.12.29"]
[EventType "swiss"]
[EventCountry "POL"]
[Tiebreak "Cut1 Buchholz"]
[SourceTitle "playchess.com"]
[Source "ChessBase"]
[SourceQuality "1"]
[TimeControl "180+2"]

1. e4 c5 2. Nf3 d6 3. g3 Nc6 4. Bg2 g6 5. O-O Bg7 6. c3 e5 7. d3 Nge7 8. Be3 O-O 9. Qc1 Rb8 10. Nbd2 b5 11. Re1 a5 12. h3 Ba6 13. Nf1 b4 14. c4 Bc8 15.
Bh6 f6 16. Bxg7 Kxg7 17. Ne3 Be6 18. Kh2 Qd7 19. Rh1 Ng8 20.
Qd2 a4 21. Raf1 Nd4 22. Ne1 f5 23. f4 Nh6 24. Kg1 Rf7 25.
exf5 Nhxf5 26. Nxf5+ Nxf5 27. Kh2 exf4 28. Rxf4 d5 29. Qe2 dxc4 30. Qe5+ Rf6 31. Qxb8 cxd3 32. Nf3 Bxa2 33. Rd1 c4 34. Qxb4 Ne3 35. Rxf6 Nxd1 36. Rd6 Qf7 37. Rb6 Kh6 38. Qd2+ 1-0

[Event "FIDE Women World Blitz 2021"]
[Site "Warsaw"]
[Date "2021.12.30"]
[Round "15.25"]
[White "Loskutova, Viktoriya"]
[Black "Efimenko, Maria"]
[Result "1/2-1/2"]
[ECO "B06"]
[WhiteElo "2195"]
[BlackElo "2207"]
[Annotator "NA"]
[PlyCount "55"]
[EventDate "2021.12.29"]
[EventType "swiss"]
[EventCountry "POL"]
[Tiebreak "Cut1 Buchholz"]
[SourceTitle "playchess.com"]
[Source "ChessBase"]
[SourceQuality "1"]
[TimeControl "180+2"]

1. e4 g6 2. d4 d6 3. Nc3 Bg7 4. f4 Nc6 5. Nf3 Bg4 6. d5 Nd4 7. Be2 Nxe2 8.
Qxe2 c6 9. h3 Bd7 10. O-O Nf6 11. dxc6 Bxc6 12. e5 Nh5 13. Qe1 Bxf3 14. Rxf3 dxe5 15. fxe5 Qd4+ 16. Kh1 Bxe5 17. Be3 Qc4 18. Bf2 Bg7 19. Rd1 O-O 20. Qxe7 Rfe8 21. Qxb7 Rab8 22. Qxa7 Rxb2 23. Nd5 Rf8 24. Ne7+ Kh8 25. Bd4 Bxd4 26. Qxd4+ Qxd4 27. Rxd4 Rxa2 28. Rc4 1/2-1/2

[Event "FIDE Women World Blitz 2021"]
[Site "Warsaw"]
[Date "2021.12.30"]
[Round "15.26"]
[White "Maisuradze, Nino"]
[Black "Nomin-Erdene, Davaademberel"]
[Result "1-0"]
[ECO "A80"]
[WhiteElo "2175"]
[BlackElo "2188"]
[Annotator "NA"]
[PlyCount "72"]
[EventDate "2021.12.29"]
[EventType "swiss"]
[EventCountry "POL"]
[Tiebreak "Cut1 Buchholz"]
[SourceTitle "playchess.com"]
[Source "ChessBase"]
[SourceQuality "1"]
[TimeControl "180+2"]

1. d4 f5 2. Nf3 Nf6 3. Bg5 Ne4 4. Bf4 g6 5. Be5 Nf6 6.
Bxf6 exf6 7. e3 d5 8. Bd3 Be6 9. Nc3 Qd7 10. Ne2 Nc6 11. c3 Ne7 12. Qc2 Nc8 13. h4 Nd6 14. h5 g5 15.
Nd2 O-O-O 16. O-O-O Ne4 17. Rdf1 Bh6 18. Kb1 Kb8 19. Nb3 b6 20. c4 dxc4 21. Bxc4 Bxc4 22. Qxc4 f4 23. Qc2 Rhe8 24. f3 Nd6 25. e4 Bf8 26. Rc1 Rc8 27. Rhd1 Qb5 28. Nc3 Qc4 29. Qf2 c6 30. Nd5 Qa6 31. Nxf6 Re7 32. Ng4 Bg7 33. h6 Bh8 34. Qc2 Nb5 35. e5 Qb7 36. a4 Nc7 1-0

[Event "FIDE Women World Blitz 2021"]
[Site "Warsaw"]
[Date "2021.12.30"]
[Round "15.27"]
[White "Sandu, Mihaela"]
[Black "Fernandez, Maria Florencia"]
[Result "0-1"]
[ECO "B07"]
[WhiteElo "2244"]
[BlackElo "2184"]
[Annotator "NA"]
[PlyCount "90"]
[EventDate "2021.12.29"]
[EventType "swiss"]
[EventCountry "POL"]
[Tiebreak "Cut1 Buchholz"]
[SourceTitle "playchess.com"]
[Source "ChessBase"]
[SourceQuality "1"]
[TimeControl "180+2"]

1. e4 d6 2. d4 Nf6 3. Nc3 g6 4. g3 Bg7 5. Bg2 O-O 6. Nge2 c6 7. O-O Nbd7 8. f4 e5 9. h3 Re8 10. Kh2 Qc7 11. dxe5 dxe5 12. f5 b5 13. a3 a5 14. Be3 Nb6 15.
b3 Bb7 16. Qe1 b4 17. Qf2 Nbd7 18. axb4 axb4 19. Rxa8 Rxa8 20. Na4 c5 21. fxg6 fxg6 22. Bxc5 Bc6 23. Bxb4 Bxa4 24. bxa4 Qxc2 25. a5 Qb3 26. Qe1 Rb8 27. Bc3 Rc8 28. a6 Ra8 29. Qa1 Qb5 30. Qa2+ Kh8 31. Rb1 Qxa6 32. Qxa6 Rxa6 33. Nc1 Rc6 34. Ba5 Rc2 35. Kg1 Bh6 36. Nb3 Be3+ 37. Kh2 Nh5 38. Rf1 Ndf6 39. Be1 Nxe4 40. Rf8+ Kg7 41. Re8 Re2 42. Bb4 Nexg3 43. Be7 Kf7 44. Rh8 Nf1+ 45. Kh1 Nhg3# 0-1

[Event "FIDE Women World Blitz 2021"]
[Site "Warsaw"]
[Date "2021.12.30"]
[Round "15.28"]
[White "Pavlidou, Ekaterini"]
[Black "Ovod, Evgenija"]
[Result "1-0"]
[ECO "D36"]
[WhiteElo "2177"]
[BlackElo "2366"]
[Annotator "NA"]
[PlyCount "60"]
[EventDate "2021.12.29"]
[EventType "swiss"]
[EventCountry "POL"]
[Tiebreak "Cut1 Buchholz"]
[SourceTitle "playchess.com"]
[Source "ChessBase"]
[SourceQuality "1"]
[TimeControl "180+2"]

1. d4 d5 2. c4 e6 3. Nc3 Nf6 4. cxd5 exd5 5. Bg5 Be7 6. e3 Nbd7 7. Bd3 Nf8 8. Qc2 Ne6 9. Bh4 c6 10. f3 g6 11. Nge2 O-O 12. O-O Ng7 13.
g4 Nfe8 14. Bf2 f5 15. h3 fxg4 16. fxg4 Bh4 17. Bg3 Bxg3 18. Rxf8+ Kxf8 19. Rf1+ Kg8 20. Nxg3 Qd6 21. Qf2 Be6 22. e4 dxe4 23. Ngxe4 Qe7 24. Ng5 Nc7 25. Nce4 Nd5 26. Bc4 h6 27. Bxd5 hxg5 28. Nf6+ Kh8 29. Qe3 Bxd5 30. Qxg5 Nf5 1-0

[Event "FIDE Women World Blitz 2021"]
[Site "Warsaw"]
[Date "2021.12.30"]
[Round "15.29"]
[White "Cyfka, Karina"]
[Black "Vantika Agrawal"]
[Result "0-1"]
[ECO "A16"]
[WhiteElo "2416"]
[BlackElo "2329"]
[Annotator "NA"]
[PlyCount "60"]
[EventDate "2021.12.29"]
[EventType "swiss"]
[EventCountry "POL"]
[Tiebreak "Cut1 Buchholz"]
[SourceTitle "playchess.com"]
[Source "ChessBase"]
[SourceQuality "1"]
[TimeControl "180+2"]

1. Nf3 Nf6 2. e3 g6 3. c4 Bg7 4. Nc3 O-O 5. b3 d6 6. Bb2 e5 7. d4 Nbd7 8. dxe5 dxe5 9. Be2 Re8 10. O-O e4 11. Nd4 a6 12. Rb1 Ne5 13.
b4 h5 14. c5 Bg4 15. h3 Bxe2 16. Qxe2 Qe7 17. a3 Rad8 18. Rfd1 c6 19. Qc2 Ned7 20. Na4 Nd5 21. Ne2 Bxb2 22. Qxb2 Ne5 23. Nd4 Qg5 24. Qc2 Nf3+ 25. Kh1 Nh4 26. Rg1 Nxe3 27. fxe3 Qxe3 28. Nb3 Nf5 29. Rbe1 Ng3+ 30. Kh2 Qf4 0-1

[Event "FIDE Women World Blitz 2021"]
[Site "Warsaw"]
[Date "2021.12.30"]
[Round "15.30"]
[White "Michna, Marta"]
[Black "Zawadzka, Jolanta"]
[Result "1-0"]
[ECO "B02"]
[WhiteElo "2312"]
[BlackElo "2429"]
[Annotator "NA"]
[PlyCount "61"]
[EventDate "2021.12.29"]
[EventType "swiss"]
[EventCountry "POL"]
[Tiebreak "Cut1 Buchholz"]
[SourceTitle "playchess.com"]
[Source "ChessBase"]
[SourceQuality "1"]
[TimeControl "180+2"]

1. Nf3 d5 2. d3 Nf6 3. Nbd2 Bg4 4. e4 e6 5. Be2 Be7 6. O-O O-O 7. c3 c5 8. Re1 Nc6 9. Qc2 Qc7 10. h3 Bh5 11. a4 Rad8 12. Bf1 d4 13.
g3 Rd7 14. c4 e5 15. Nh4 Bg6 16. Bg2 Nh5 17. Nf5 Bd6 18. Rf1 Ne7 19. Qd1 f6 20. h4 Bf7 21. Bf3 g6 22. Nh6+ Kh8 23. Nxf7+ Rxf7 24. Bxh5 gxh5 25. Qxh5 Ng6 26. Nf3 Rg7 27. Kh1 Rde7 28. Bh6 Rg8 29. Nh2 Qd7 30. Qf5 Qe8 31. Qxf6+ 1-0

[Event "FIDE Women World Blitz 2021"]
[Site "Warsaw"]
[Date "2021.12.30"]
[Round "15.31"]
[White "Paramzina, Anastasya"]
[Black "Bulmaga, Irina"]
[Result "1-0"]
[ECO "B01"]
[WhiteElo "2260"]
[BlackElo "2405"]
[Annotator "NA"]
[PlyCount "121"]
[EventDate "2021.12.29"]
[EventType "swiss"]
[EventCountry "POL"]
[Tiebreak "Cut1 Buchholz"]
[SourceTitle "playchess.com"]
[Source "ChessBase"]
[SourceQuality "1"]
[TimeControl "180+2"]

1. e4 d5 2. exd5 Qxd5 3. Nc3 Qd6 4. d4 Nf6 5. Nge2 a6 6. Bf4 Qd8 7. Qd3 e6 8. O-O-O Be7 9. h3 b5 10. g4 Bb7 11. Rg1 c5 12. Qg3 Nbd7 13.
dxc5 b4 14. Na4 Nd5 15. Bg2 O-O 16. Bd6 Rc8 17. Bxe7 Qxe7 18. Qd6 Qxd6 19. cxd6 Bc6 20. b3 Bxa4 21. bxa4 N5b6 22. Rd4 a5 23. a3 bxa3 24. Rd3 Nc4 25. Kb1 Rb8+ 26. Ka1 Rb2 27. Nd4 Nde5 28. Rxa3 Nxa3 29. Kxb2 Nac4+ 30. Ka2 Nxd6 31. Nb5 Ndc4 32. f4 Ng6 33. f5 Nf4 34. Be4 Nb6 35. fxe6 fxe6 36. Rd1 Nxa4 37. Rd6 Nc5 38. Bc6 Nxh3 39. Nd4 Nf4 40. g5 h6 41. gxh6 gxh6 42. Bd7 Rf6 43. Bc8 Kg7 44. Rc6 e5 45. Nf5+ Kg6 46. Rxc5 Rxf5 47. Bxf5+ Kxf5 48. Rxa5 h5 49. Ra8 h4 50. Rh8 h3 51. c4 Ke4 52. Kb3 Kd4 53. Rh4 Kc5 54. Kc3 Ne2+ 55. Kd3 Nf4+ 56. Ke4 Kxc4 57. Kxe5 Kd3 58. Kxf4 Ke2 59. Rxh3 Kf2 60. Re3 Kg2 61. Rf3 1-0

[Event "FIDE Women World Blitz 2021"]
[Site "Warsaw"]
[Date "2021.12.30"]
[Round "15.32"]
[White "Gaboyan, Susanna"]
[Black "Garcia Martin, Marta"]
[Result "0-1"]
[ECO "A50"]
[WhiteElo "2253"]
[BlackElo "2194"]
[Annotator "NA"]
[PlyCount "88"]
[EventDate "2021.12.29"]
[EventType "swiss"]
[EventCountry "POL"]
[Tiebreak "Cut1 Buchholz"]
[SourceTitle "playchess.com"]
[Source "ChessBase"]
[SourceQuality "1"]
[TimeControl "180+2"]

1. Nf3 Nf6 2. g3 b6 3. Bg2 Bb7 4. O-O g6 5. d4 Bg7 6. c4 O-O 7. Nc3 Ne4 8. Qc2 Nxc3 9. bxc3 Nc6 10. Bf4 Na5 11. Nd2 Bxg2 12. Kxg2 c5 13. Qe4 Rc8 14. Rac1 Nxc4 15. Nxc4 d5 16. Qf3 dxc4 17. h4 cxd4 18. cxd4 Qxd4 19. Rfd1 Qf6 20. Qa3 e5 21. Bg5 Qc6+ 22. Kh2 c3 23. Qxa7 f6 24. Be3 f5 25. Qxb6 Qc4 26. Rd7 f4 27. Qb7 Bf6 28. Bb6 fxg3+ 29. Kg2 gxf2 30. Bxf2 Qxe2 31. Qd5+ Kh8 32. Re1 Qg4+ 33. Kf1 c2 34. Qd2 Qh3+ 35. Ke2 Qg4+ 36. Kf1 Bg7 37. Rc1 Qc4+ 38. Kg1 Qg4+ 39. Kf1 Qh3+ 40. Ke1 Qh1+ 41. Ke2 Qf3+ 42. Kf1 Bh6 43. Qe2 Qxe2+ 44. Kxe2 Bxc1 0-1